 Dungeon Crawl Stone Soup version 0.28-a0-724-g66f9036eb4 (webtiles) character file.

Game seed: 16437057315117683985

157 Crumbo the Firebug (level 5, -5/28 HPs)
             Began as a Deep Elf Fire Elementalist on Oct 27, 2021.
             Splashed by a jelly's acid (10 damage)
             ... on level 3 of the Dungeon.
             The game lasted 00:07:40 (3428 turns).

Crumbo the Firebug (Deep Elf Fire Elementalist)     Turns: 3428, Time: 00:07:42

Health: -5/28      AC: -2    Str:  5    XL:     5   Next: 15%
Magic:  10/13      EV: 13    Int: 21    God:
Gold:   143        SH:  0    Dex: 15    Spells: 9/12 levels left

rFire   . . .      SeeInvis .   n - +4 dagger
rCold   . . .      Faith    +   (no shield)
rNeg    . . .      Spirit   .   a - +0 robe
rPois   .          Reflect  .   (no helmet)
rElec   .          Harm     .   (no cloak)
rCorr   .          Rampage  .   (no gloves)
Will    .....                   (no boots)
Stlth   ++........              c - amulet of faith
HPRegen 0.09/turn               b - ring of flight
MPRegen 0.13/turn               (no ring)

@: corroded, flying, very slightly contaminated
A: no striking features
a: no special abilities


You were on level 3 of the Dungeon.
You visited 1 branch of the dungeon, and saw 3 of its levels.

You collected 143 gold pieces.

Inventory:

Hand Weapons
 n - a +4 dagger (weapon)
Armour
 a - a +0 robe (worn)
Jewellery
 b - a ring of flight (left hand)
 c - an amulet of faith (around neck)
Scrolls
 d - 2 scrolls of identify {unknown}
 g - a scroll of enchant weapon {unknown}
 j - a scroll of holy word {unknown}
 l - a scroll of magic mapping {unknown}
 m - a scroll of vulnerability {unknown}
 p - a scroll of blinking {unknown}
Potions
 e - a potion of magic {unknown}
 f - a potion of ambrosia {unknown}
 h - a potion of degeneration {unknown}
 i - a potion of heal wounds {unknown}
 k - a potion of curing {unknown}
 o - a potion of flight {unknown}


   Skills:
 + Level 2.8 Dodging
 + Level 3.2 Stealth
 + Level 4.1 Spellcasting
 * Level 3.0 Conjurations
 + Level 4.6 Fire Magic


You had 9 spell levels left.
You knew the following spells:

 Your Spells              Type           Power      Damage    Failure   Level
a - Foxfire               Conj/Fire      80%        2x1d8     2%          1
b - Scorch                Fire           46%        2d7       2%          2

Your spell library contained the following spells:

 Spells                   Type           Power      Damage    Failure   Level
 Conjure Flame            Conj/Fire      20%        6-21      8%          3
 Beastly Appendage        Tmut           8%         N/A       12%         1
 Inner Flame              Hex/Fire       14%        N/A       14%         3
 Wereblood                Tmut           4%         N/A       19%         2
 Flame Wave               Conj/Fire      20%        3d6       24%         4
 Spider Form              Tmut/Pois      2%         N/A       34%         3


Dungeon Overview and Level Annotations

Branches:
Dungeon (3/15)

Altars:


Message History

You hit the endoplasm.
The endoplasm is almost dead.
The endoplasm freezes you.
You are frozen.
You hit the endoplasm.
You kill the endoplasm!
You hit the endoplasm.
The endoplasm is almost dead.
The endoplasm freezes you.
You are frozen.
You completely miss the endoplasm.
The endoplasm is almost dead.
The endoplasm hits you.
You hit the endoplasm but do no damage.
The endoplasm is almost dead.
The endoplasm hits you but does no damage.
You hit the endoplasm.
You kill the endoplasm!
You hit the jelly. The acid corrodes you!
Your hands burn!
The jelly is lightly wounded.
The jelly barely misses you.
You hit the jelly.
Your hands burn!
* * * LOW HITPOINT WARNING * * *
The jelly is moderately wounded.
The jelly barely misses you.
There is an open door here.
You are no longer corroded.
Casting: Foxfire (safe; 2% risk of failure)
Confirm with . or Enter, or press ? or * to list all spells.
You miscast Foxfire.
You are very lightly contaminated with residual magic.
Nothing appears to happen.
Casting: Foxfire (safe; 2% risk of failure)
Confirm with . or Enter, or press ? or * to list all spells.
Flames lash the jelly.
The jelly is heavily wounded.
The jelly's fire resistance burns away.
The jelly hits you.
* * * LOW HITPOINT WARNING * * *
The acid corrodes you!
You are splashed with acid!
You die...

..# ..# #######'# ##.J...)#
#. #.######## #.#
##..'....# #.# ####....#
#.# #.......# ##.#
#.....J@# ##..#########
#.......# ##............
#.......###.#....#######
##...(.###.............
##)).## ##.#....#####.
##'))## #.....## #
#...).####.#.#.######.#
#######.(#.................
#..........###.#.#.........


You could see a jelly (combustible).

Vanquished Creatures
  An orc priest (D:3)
  An orc wizard (D:3)
  3 adders
  2 worms (D:2)
  A dart slug (D:2)
  An orc (D:3)
  3 bats
  9 endoplasms
  3 giant cockroaches
  3 goblins (D:1)
  8 hobgoblins
  2 jackals (D:1)
  13 kobolds
  3 quokkas
  6 ball pythons
  3 frilled lizards
  3 rats
65 creatures vanquished.

Vanquished Creatures (others)
  133 foxfires
  2 fungi (D:3)
  5 toadstools (D:3)
140 creatures vanquished.

Grand Total: 205 creatures vanquished

Notes
Turn   | Place    | Note
-------+----------+-------------------------------------------
     0 | D:1      | Crumbo the Deep Elf Fire Elementalist began the quest for
                  | the Orb.
     0 | D:1      | Reached XP level 1. HP: 10/10 MP: 6/6
   217 | D:1      | Reached XP level 2. HP: 6/15 MP: 1/8
   554 | D:1      | Found a faded altar of an unknown god.
  1175 | D:1      | Reached XP level 3. HP: 19/19 MP: 5/9
  2374 | D:2      | Reached XP level 4. HP: 17/24 MP: 7/11
  2736 | D:3      | Learned a level 2 spell: Scorch
  3118 | D:3      | Reached XP level 5. HP: 28/28 MP: 5/13
  3428 | D:3      | Splashed by a jelly's acid

Illustrated notes

Levels and vault maps discovered:
D:1:      sevenhm_arrival_forest_fort_large_4, layout_basic,
          shapermc_ecumenical_altar_starsandcircs
D:2:      layout_rooms
D:3:      cheibrodos_fertilizer, layout_loops_ring, minmay_misc_feat_chi

Skill      XL: |  1  2  3  4 |
---------------+-------------+-----
Fire Magic     | 4 |  4.6
Conjurations   | 2 3 |  3.0
Stealth        | 3 |  3.2
Spellcasting   | 4 |  4.1
Dodging        | |  2.8

Action                   |  1- 3 |  4- 6 || total
-------------------------+-------+-------++-------
Melee: Unarmed           |    13 |     1 ||    14
       Dagger            |       |    19 ||    19
 Cast: Foxfire           |    56 |    20 ||    76
       Scorch            |       |    13 ||    13
Armor: Robe              |     7 |     1 ||     8
Dodge: Dodged            |    33 |    14 ||    47

Table legend: (Time is in decaauts)
 A = Elapsed time spent in this place.
 B = Non-inter-level travel time spent in this place.
 C = Inter-level travel time spent in this place.
 D = Time resting spent in this place.
 E = Time spent auto-exploring this place.
 F = Levels seen in this place.
 G = Mean time per level.
                   A        B        C        D        E       F      G
               +--------+--------+--------+--------+--------+-----+--------+
         Total |   3426 |   3426 |      0 |    225 |   2600 |   3 | 1142.0 |
       Dungeon |   3426 |   3426 |      0 |    225 |   2600 |   3 | 1142.0 |
               +--------+--------+--------+--------+--------+-----+--------+

Top non-repeatable levels by time:
     D:1: 1742 daAuts
     D:2: 959 daAuts
     D:3: 724 daAuts
